 Dungeon Crawl Stone Soup version 0.29.1-1-gd02db69 (webtiles) character file.

Game seed: 1328655204543382998

709 Dorkslayer the Conjurer (level 7, -1/45 HPs)
             Began as an Octopode Conjurer on Sept 27, 2022.
             Was an Initiate of Gozag.
             Slain by a gnoll sergeant
             ... wielding a +3 vorpal trident
              (11 damage)
             ... on level 5 of the Dungeon.
             The game lasted 00:14:48 (5276 turns).

Dorkslayer the Conjurer (Octopode Conjurer)         Turns: 5276, Time: 00:14:48

Health: -1/45      AC:  1    Str: 14    XL:     7   Next: 68%
Magic:  2/13       EV: 17    Int: 21    God:    Gozag
Gold:   232        SH:  0    Dex: 10    Spells: 12/15 levels left

rFire   . . .      SeeInvis .   m - +1 short sword
rCold   . . .      Faith    +   (no shield)
rNeg    . . .      Spirit   .   (helmet restricted)
rPois   .          Reflect  .   d - amulet of faith
rElec   .          Harm     .   h - +6 ring of strength
rCorr   .          Rampage  .   g - +4 ring of evasion
Will    .....                   (no ring)
Stlth   +++.......              (no ring)
HPRegen 0.15/turn               (no ring)
MPRegen 0.13/turn               (no ring)
                                (no ring)
                                (no ring)

@: gold aura
A: almost no armour, amphibious, 8 rings, camouflage 1, gelatinous body 1,
(nimble swimmer 1), tentacles
a: Renounce Religion, Potion Petition, Call Merchant, Bribe Branch


You were on level 5 of the Dungeon.
You worshipped Gozag.
Gozag was aware of your devotion.
You visited 2 branches of the dungeon, and saw 6 of its levels.
You also visited: Sewer.

You collected 337 gold pieces.
You paid 105 gold pieces to Gozag.

Inventory:

Hand Weapons
 m - a +1 short sword (weapon)
Missiles
 j - 2 boomerangs
Jewellery
 d - an amulet of faith (around mantle)
 g - a +4 ring of evasion (right tentacle)
 h - a +6 ring of strength (left tentacle)
 t - a ring of resist corrosion
Scrolls
 b - 2 scrolls of teleportation
 e - 4 scrolls of magic mapping {unknown}
 f - 3 scrolls of enchant armour {unknown}
 q - a scroll of amnesia {unknown}
 r - a scroll of blinking {unknown}
 s - a scroll of poison {unknown}
 u - a scroll of fog {unknown}
 v - a scroll of fear {unknown}
Potions
 a - a potion of magic
 c - a potion of flight {unknown}
 i - 3 potions of curing
 k - a potion of lignification {unknown}
 l - 2 potions of mutation
 o - a potion of berserk rage {unknown}
 p - a potion of haste {unknown}


   Skills:
 * Level 2.8 Fighting
 + Level 1.5 Short Blades
 * Level 3.5 Dodging
 + Level 4.0 Stealth
 * Level 2.6 Unarmed Combat
 * Level 4.5 Spellcasting
 + Level 5.1 Conjurations


You had 12 spell levels left.
You knew the following spells:

 Your Spells              Type           Power      Damage    Failure   Level
a - Magic Dart            Conj           100%       1d8       1%          1
b - Searing Ray           Conj           52%        2d6       1%          2

Your spell library contained the following spells:

 Spells                   Type           Power      Damage    Failure   Level
 Static Discharge         Conj/Air       15%        3-5/arc   6%          2
 Freeze                   Ice            16%        1d4       12%         1
 Dazzling Flash           Conj/Hex       30%        N/A       12%         3
 Frozen Ramparts          Ice            8%         1d2       34%         3
 Fulminant Prism          Conj/Hex       7%         3d7       36%         4
 Hailstorm                Conj/Ice       15%        3d5       36%         4
 Iskenderun's Mystic Bla  Conj/Tloc      15%        2d5       36%         4
 Sticky Flame             Conj/Fire      15%        2d4       36%         4
 Anguish                  Hex/Necr       2%         N/A       75%         4
 Dispel Undead            Necr           4%         3d7       75%         4
 Enfeeble                 Hex            2%         N/A       100%        7


Dungeon Overview and Level Annotations

Branches:
Dungeon (5/15)             Temple (1/1) D:5           Sewer (visited)

Altars:
Gozag
Qazlal
Uskayaw

Shops:
D:5 :


Innate Abilities, Weirdness & Mutations

You cannot wear most types of armour.
You are amphibious.
You can wear up to eight rings at the same time.
Your skin changes colour to match your surroundings (Stealth+).
Your rubbery body absorbs attacks. (AC +1, EV +1)
((You are camouflaged when in or above water. (Stealth+)))
You have tentacles for arms and can constrict up to eight enemies at once.


Message History

Aim: a gnoll sergeant, wielding a +3 vorpal trident and wearing a +0 ring mail (85% to hit)
The searing ray hits the acid dragon!
The acid dragon is moderately wounded.
The searing ray hits the gnoll sergeant but does no damage. (Press . to maintain the ray.)
The acid dragon bites you!
* * * LOW HITPOINT WARNING * * *
The acid dragon barely misses you. The gnoll sergeant misses you.
You feel much better.
The acid dragon bites you but does no damage.
The acid dragon barely misses you.
The gnoll sergeant completely misses you.
You feel much better. The acid dragon misses you.
The acid dragon closely misses you. The gnoll sergeant closely misses you.
Casting: Searing Ray (safe; 1% risk of failure)
Confirm with . or Enter, or press ? or * to list all spells.
Aiming: Searing Ray (safe; 1% risk of failure)
Press: ? - help, Shift-Dir - straight line, f/p - gnoll sergeant
Aim: a gnoll sergeant, wielding a +3 vorpal trident and wearing a +0 ring mail (85% to hit)
The searing ray hits the acid dragon.
The acid dragon is heavily wounded.
The searing ray hits the gnoll sergeant.
The gnoll sergeant is lightly wounded. (Press . to maintain the ray.)
The acid dragon bites you. The acid dragon claws you.
The gnoll sergeant barely misses you.
The searing ray hits the acid dragon!
The acid dragon is almost dead.
The searing ray hits the gnoll sergeant but does no damage.
The acid dragon spits acid at you. The splash of acid hits you!!
Ouch! That really hurt!
* * * LOW HITPOINT WARNING * * *
The gnoll sergeant closely misses you.
The searing ray hits the acid dragon.
You kill the acid dragon!
The searing ray hits the gnoll sergeant but does no damage.
The gnoll sergeant hits you from afar with a +3 vorpal trident!
You die...
Your body crumbles into a pile of gold.

#..... #....# +....+
#....# ###+#....#
#........#$ #........#
.. #........# ..
#......)@#
.########........$g..#
.##.....#........#.#...#
.+.[....#........#... ..
.##.....#........# #.#
.##.....'........# $##
........#........#
.##.....#........#
.##.....#........


You could see a gnoll sergeant.

Vanquished Creatures
  An acid dragon (D:5)
  An ogre (D:3)
  A phantom (D:4)
  2 bullfrogs (Sewer)
  2 orc priests (D:3)
  A hound (D:4)
  3 orc wizards
  4 gnolls
  7 adders
  4 worms
  3 dart slugs
  12 orcs
  9 bats
  16 endoplasms
  11 giant cockroaches
  7 goblins
  6 hobgoblins
  4 kobolds
  12 quokkas
  11 ball pythons
  15 frilled lizards
  9 rats
141 creatures vanquished.

Vanquished Creatures (others)
  5 fungi (D:1)
  4 plants (D:1)
9 creatures vanquished.

Grand Total: 150 creatures vanquished

Notes
Turn   | Place    | Note
-------+----------+-------------------------------------------
     0 | D:1      | Dorkslayer the Octopode Conjurer began the quest for the
                  | Orb.
     0 | D:1      | Reached XP level 1. HP: 11/11 MP: 3/3
    78 | D:1      | Reached XP level 2. HP: 2/18 MP: 0/5
   679 | D:1      | Reached XP level 3. HP: 22/22 MP: 4/6
   754 | D:1      | You fall into a shaft and drop 1 floor!
   844 | D:1      | Learned a level 2 spell: Searing Ray
  1123 | D:1      | Found a faded altar of an unknown god.
  1400 | D:2      | Reached skill level 1 in Unarmed Combat
  1561 | D:2      | Reached skill level 1 in Fighting
  1561 | D:2      | Reached XP level 4. HP: 28/28 MP: 2/7
  2248 | D:3      | Found a glowing drain.
  2257 | Sewer    | Entered a sewer
  2384 | Sewer    | Reached XP level 5. HP: 33/33 MP: 6/9
  2964 | Sewer    | Reached skill level 1 in Short Blades
  2964 | Sewer    | Reached XP level 6. HP: 16/39 MP: 2/10
  3377 | D:3      | Identified the +5 whip of Hepp {drain, Stlth+}
  3693 | D:3      | Reached XP level 7. HP: 45/45 MP: 10/12
  4458 | D:4      | Found a hide-covered altar of Uskayaw.
  4527 | D:4      | Reached skill level 5 in Conjurations
  5010 | D:5      | Entered Level 5 of the Dungeon
  5026 | D:5      | Found a staircase to the Ecumenical Temple.
  5038 | Temple   | Entered the Ecumenical Temple
  5071 | Temple   | Became a worshipper of Gozag Ym Sagoz the Greedy
  5216 | D:5      | Found Najil's Self-Improvement Boutique.
  5271 | D:5      | HP: 1/45 [acid dragon (14)]
  5276 | D:5      | Slain by a gnoll sergeant

Illustrated notes

Levels and vault maps discovered:
D:1:      mushboom_english_gardens, layout_loops_ring,
          dreamdust_ecumenical_altar_hidden_monk_grotto
D:2:      layout_rooms
D:3:      layout_basic, cheibrodos_sewer_entry_bend, kennysheep_nub
D:4:      layout_basic, overflow_temple_1_default
D:5:      minmay_spotlight, layout_gridville, minmay_temple_entry_arrows,
          st_stairs_4, nicolae_shop_self_help
Temple:   regret_index_temple_generic_petals

Skill      XL: |  1  2  3  4  5  6  7 |
---------------+----------------------+-----
Unarmed Combat | 1 2 |  2.6
Fighting       | 1 2 |  2.8
Stealth        | 3 4 |  4.0
Spellcasting   | 3 4 |  4.5
Short Blades   | 1 |  1.5
Dodging        | 3 |  3.5
Conjurations   | 5 |  5.1

Action                   |  1- 3 |  4- 6 |  7- 9 || total
-------------------------+-------+-------+-------++-------
Melee: Unarmed           |     9 |       |       ||     9
       Constrict         |     7 |    11 |     8 ||    26
       Tentacles         |     7 |    14 |     5 ||    26
       Dagger            |    20 |       |       ||    20
       Punch             |     1 |     1 |       ||     2
       Short sword       |       |    67 |    27 ||    94
 Cast: Magic Dart        |    53 |    80 |    30 ||   163
       Searing Ray       |       |     5 |     8 ||    13
  Use: Scroll            |       |     5 |     1 ||     6
       Potion            |       |       |     2 ||     2
 Stab: Sleeping          |       |     5 |       ||     5
Armor: Skin              |       |     6 |     3 ||     9
Dodge: Dodged            |    22 |    58 |    28 ||   108
